 Dungeon Crawl Stone Soup version 0.29.1-15-g9cfb28693d (webtiles) character file.

Game seed: 13053011182526414173

5357 bnorton916 the Destroyer (level 10, -9/50 HPs)
             Began as a Deep Elf Fire Elementalist on Feb 22, 2023.
             Was an Initiate of Gozag.
             Killed from afar by a rime drake (20 damage)
             ... with a flash freeze
             ... on level 1 of the Lair of Beasts.
             The game lasted 00:14:31 (13934 turns).

bnorton916 the Destroyer (DEFE)                    Turns: 13934, Time: 00:14:32

Health: -9/50      AC:  9    Str:  5    XL:     10   Next: 39%
Magic:  26/26      EV: 16    Int: 25    God:    Gozag
Gold:   492        SH:  0    Dex: 15    Spells: 1/30 levels left

rFire   . . .      SeeInvis .   (no weapon)
rCold   . . .      Faith    .   (no shield)
rNeg    . . .      Spirit   .   A - +2 steam dragon scales
rPois   .          Reflect  .   h - +2 hat
rElec   .          Harm     .   (no cloak)
rCorr   .          Rampage  .   (no gloves)
Will    +....                   (no boots)
Stlth   ++........              i - amulet of magic regeneration
HPRegen 0.16/turn               a - +4 ring of evasion
MPRegen 0.60/turn               (no ring)

@: about to teleport, gold aura
A: no striking features
a: Renounce Religion, Potion Petition, Call Merchant, Bribe Branch


You were on level 1 of the Lair of Beasts.
You worshipped Gozag.
Gozag was aware of your devotion.
You visited 3 branches of the dungeon, and saw 10 of its levels.

You collected 615 gold pieces.
You paid 123 gold pieces to Gozag.

Inventory:

Hand Weapons
 u - a +1 dagger of electrocution
 y - a +0 scythe of venom
 M - a +2 short sword of electrocution
Missiles
 d - 14 atropa-tipped darts
 f - 5 javelins
 E - 11 boomerangs
 J - 16 poisoned darts
 K - 6 boomerangs of dispersal
 L - 2 curare-tipped darts
Armour
 h - a +2 hat (worn)
 A - +2 steam dragon scales (worn)
 H - a +2 robe of positive energy
 I - a +0 troll leather armour
Jewellery
 a - a +4 ring of evasion (left hand)
 e - an amulet of regeneration
 i - an amulet of magic regeneration (around neck)
 n - an amulet of guardian spirit
 D - a +6 ring of intelligence
Wands
 q - a wand of iceblast (5)
 t - a wand of flame (37)
 w - a wand of polymorph (3)
 z - a wand of charming (19)
Scrolls
 l - a scroll of enchant weapon
 m - 2 scrolls of immolation
 r - a scroll of teleportation
 s - a scroll of brand weapon
 B - a scroll of noise
 G - a scroll of identify
Potions
 b - 3 potions of magic
 c - 2 potions of haste {unknown}
 g - 3 potions of flight
 j - 2 potions of curing
 k - 3 potions of mutation {unknown}
 o - 3 potions of lignification {unknown}
 p - 2 potions of might {unknown}
 v - a potion of berserk rage {unknown}
 x - a potion of experience {unknown}
 C - a potion of brilliance {unknown}
 F - a potion of degeneration {unknown}


   Skills:
 + Level 4.0 Armour
 - Level 2.4 Dodging
 - Level 2.4 Stealth
 - Level 10.6 Spellcasting
 + Level 11.0 Conjurations
 + Level 0.0 Hexes
 + Level 0.0 Translocations
 - Level 8.8 Fire Magic


You had one spell level left.
You knew the following spells:

 Your Spells              Type           Power      Damage    Failure   Level
a - Foxfire               Conj/Fire      100%       2x1d9     1%          1
b - Scorch                Fire           100%       2d10      1%          2
c - Conjure Flame         Conj/Fire      58%        6-21      1%          3
d - Flame Wave            Conj/Fire      58%        2d14      1%          4
e - Dazzling Flash        Conj/Hex       80%        N/A       1%          3
f - Searing Ray           Conj           100%       2d8       1%          2
g - Fulminant Prism       Conj/Hex       20%        3d13      4%          4
h - Iskenderun's Mystic   Conj/Tloc      40%        2d9       4%          4
i - Starburst             Conj/Fire      29%        6d9       12%         6

Your spell library contained the following spells:

 Spells                   Type           Power      Damage    Failure   Level
 Magic Dart               Conj           100%       1d8       1%          1
 Beastly Appendage        Tmut           26%        N/A       4%          1
 Slow                     Hex            52%        N/A       4%          1
 Inner Flame              Hex/Fire       35%        N/A       2%          3
 Ensorcelled Hibernation  Hex/Ice        26%        N/A       7%          2
 Poisonous Vapours        Pois/Air       26%        N/A       7%          2
 Wereblood                Tmut           13%        N/A       7%          2
 Confusing Touch          Hex            13%        N/A       14%         3
 Spider Form              Tmut/Pois      13%        N/A       14%         3
 Vampiric Draining        Necr           13%        2d6       14%         3
 Anguish                  Hex/Necr       6%         N/A       43%         4
 Passage of Golubria      Tloc           13%        N/A       43%         4
 Agony                    Necr           13%        N/A       78%         5
 Silence                  Hex/Air        6%         N/A       78%         5
 Lehudib's Crystal Spear  Conj/Erth      20%        10d6      100%        8
 Corpse Rot               Necr/Pois/Air  Unusable   N/A       N/A         4

Dungeon Overview and Level Annotations

Branches:
Dungeon (8/15)             Temple (1/1) D:6            Lair (1/5) D:8

Altars:
Ashenzari
Cheibriados
Elyvilon
Fedhas
Gozag
Hepliaklqana
Kikubaaqudgha
Makhleb
Nemelex Xobeh
Okawaru
Qazlal
Ru
Sif Muna
Trog
Uskayaw
Vehumet
Wu Jian
Xom
Yredelemnul
Zin
The Shining One


Message History

You feel strangely unstable. Something barely misses your cane toad.
Your cane toad barely misses something.
The wyvern bites your cane toad!
Something closely misses your cane toad.
Your cane toad stings the wyvern!
The bullfrog swells and bulges.
The black mamba bites something.
The black mamba poisons something!
The wyvern bites your cane toad.
Something hits the black mamba.
The black mamba bites your cane toad! The wyvern bites your cane toad!
Your cane toad stings the black mamba but does no damage.
Something closely misses the black mamba.
The komodo dragon attacks as you move away!
The komodo dragon bites you! The black mamba bites your cane toad.
Your cane toad dies!
Something completely misses the black mamba.
The black mamba bites something!
Your surroundings seem slightly different.
You start resting.
The sentinel's mark upon you fades away.
A bullfrog is nearby!
A bullfrog is nearby!
A bullfrog is nearby!
You hear the deafening beating of a very distant drum.
Found a scale mail.
A rime drake comes into view.
The bullfrog is distracted by your dazzling golden aura.
A yak comes into view.
The rime drake hisses angrily.
The yak bellows!
The black mamba closely misses you. The rime drake breathes ice at you.
The flash freeze misses you.
A wyvern comes into view.
As you read the scroll of teleportation, it crumbles to dust.
You feel strangely unstable. The black mamba bites you! x2
* * * LOW HITPOINT WARNING * * *
The wyvern hisses angrily.
The bullfrog swells and bulges.
The rime drake breathes ice at you. The flash freeze hits you!!
You die...
Your body crumbles into a pile of gold.

...####....ยง....####.#*
##.###.........F....#.##
*##..ll...l...##.##*#..*
.##..S##......##l###.#**
.....F.#....l###....##
...F#....#.........#.#
S...#l...............###
..........k...SSF......#
..F.....YlY.....@......# ****
.......Y.............### *,,*
.........##.........## ***,**
.....................#**,,**
....................[..,,,*
......[....<............,,**
........................,,,*
........................,,,**
...................,,,,,,,,,*


You could see a komodo dragon, a black mamba, a yak, a basilisk, a rime drake
(catching breath), a water moccasin, 2 wyverns and 2 bullfrogs.

Vanquished Creatures
  A two-headed ogre (D:8)
  Amaemon (D:8)
  Pikel (D:6)
  An orange demon (D:8)
  Maggie (D:6)
  An unseen horror (D:7)
  Sigmund (D:5)
  A wyvern (D:8)
  A steam dragon (D:8)
  2 water moccasins
  An acid dragon (D:6)
  A sky beast (D:7)
  2 black bears
  An ice beast (D:6)
  2 centaurs
  2 kobold brigands (D:8)
  A phantom (D:7)
  2 lemures
  2 necrophages
  6 bullfrogs
  A scorpion (D:5)
  3 howler monkeys
  3 hounds
  3 orc priests
  A gnoll bouda (D:3)
  3 iguanas
  9 orc wizards
  4 gnolls (D:4)
  7 adders
  5 ufetubi
  3 worms
  3 dart slugs
  22 orcs
  6 endoplasms
  5 giant cockroaches
  4 goblins
  6 hobgoblins
  6 jackals
  2 quokkas
  6 ball pythons
  5 bats
  2 frilled lizards
  18 kobolds
  3 rats
161 creatures vanquished.

Vanquished Creatures (others)
  A cane toad (Lair:1)
  A bullfrog (Lair:1)
  624 foxfires
  5 fulminant prisms (D:8)
  A fungus (D:6)
632 creatures vanquished.

Grand Total: 793 creatures vanquished

Notes
Turn   | Place    | Note
-------+----------+-------------------------------------------
     0 | D:1      | bnorton916 the Deep Elf Fire Elementalist began the quest
                  | for the Orb.
     0 | D:1      | Reached XP level 1. HP: 10/10 MP: 6/6
   487 | D:1      | Reached XP level 2. HP: 15/15 MP: 5/8
  1374 | D:2      | Reached skill level 2 in Conjurations
  1511 | D:2      | Reached XP level 3. HP: 19/19 MP: 6/10
  1568 | D:2      | Found a glowing silver altar of Zin.
  1701 | D:2      | Learned a level 2 spell: Scorch
  1705 | D:2      | Learned a level 3 spell: Conjure Flame
  2349 | D:2      | Found a faded altar of an unknown god.
  2573 | D:3      | Noticed a necrophage
  2582 | D:3      | Killed a necrophage
  2583 | D:3      | Reached XP level 4. HP: 24/24 MP: 7/12
  2597 | D:3      | Reached skill level 3 in Conjurations
  2697 | D:3      | Found a sparkling altar of Nemelex Xobeh.
  2995 | D:3      | Found a glowing silver altar of Zin.
  3130 | D:3      | Found a hide-covered altar of Uskayaw.
  3197 | D:4      | Reached XP level 5. HP: 20/28 MP: 12/14
  3571 | D:3      | HP: 1/28 [gnoll bouda/+0 whip (7)]
  3574 | D:3      | Reached skill level 5 in Spellcasting
  4167 | D:4      | Reached skill level 5 in Fire Magic
  4167 | D:4      | Reached XP level 6. HP: 27/32 MP: 13/16
  4572 | D:4      | Reached skill level 4 in Conjurations
  4917 | D:5      | Entered Level 5 of the Dungeon
  5252 | D:5      | Noticed Sigmund
  5257 | D:5      | Killed Sigmund
  5258 | D:5      | Reached skill level 5 in Conjurations
  5258 | D:5      | Reached XP level 7. HP: 30/36 MP: 16/19
  6059 | D:5      | Reached XP level 8. HP: 41/41 MP: 21/21
  6296 | D:6      | Reached skill level 6 in Conjurations
  6360 | D:6      | Noticed Maggie
  6691 | D:6      | Learned a level 4 spell: Flame Wave
  6695 | D:6      | Learned a level 3 spell: Dazzling Flash
  6716 | D:6      | HP: 2/41 [Maggie/bolt of fire (19)]
  6717 | D:6      | Killed Maggie
  7180 | D:6      | Found a basalt altar of Yredelemnul.
  7668 | D:6      | Found a staircase to the Ecumenical Temple.
  7676 | Temple   | Entered the Ecumenical Temple
  7949 | D:6      | Found a sacrificial altar of Ru.
  7955 | D:6      | Reached skill level 7 in Conjurations
  8647 | D:6      | Noticed Pikel
  9163 | D:6      | Reached XP level 9. HP: 45/45 MP: 24/24
  9186 | D:6      | Killed Pikel
  9187 | D:6      | Reached skill level 10 in Spellcasting
  9187 | D:6      | Reached skill level 8 in Conjurations
  9806 | D:7      | Found an opulent altar of Gozag.
  9813 | D:7      | Became a worshipper of Gozag Ym Sagoz the Greedy
 10007 | D:7      | Learned a level 2 spell: Searing Ray
 10085 | D:7      | Found a stormy altar of Qazlal.
 10085 | D:7      | Found a shimmering altar of Xom.
 10252 | D:7      | Killed an unseen horror
 10253 | D:7      | Reached skill level 1 in Armour
 10731 | D:7      | Learned a level 4 spell: Fulminant Prism
 10736 | D:7      | Learned a level 4 spell: Iskenderun's Mystic Blast
 11300 | D:8      | Noticed a two-headed ogre
 11381 | D:8      | Killed a two-headed ogre
 11382 | D:8      | Reached skill level 9 in Conjurations
 11721 | D:8      | Found a burning altar of Makhleb.
 11807 | D:8      | Found a snail-covered altar of Cheibriados.
 11846 | D:8      | Reached XP level 10. HP: 50/50 MP: 26/26
 11864 | D:8      | Noticed Amaemon
 11890 | D:8      | Noticed an orange demon
 11907 | D:8      | Killed an orange demon
 11912 | D:8      | Killed Amaemon
 11913 | D:8      | Reached skill level 10 in Conjurations
 12936 | D:8      | Found a staircase to the Lair.
 13383 | Lair:1   | Entered Level 1 of the Lair of Beasts
 13396 | D:8      | Reached skill level 11 in Conjurations
 13859 | Lair:1   | Learned a level 6 spell: Starburst
 13912 | Lair:1   | Noticed a cane toad
 13918 | Lair:1   | Noticed a black mamba
 13934 | Lair:1   | Killed from afar by a rime drake

Illustrated notes

Levels and vault maps discovered:
D:1:      enne_arrival_octagon_isle, layout_basic
D:2:      layout_basic, basic_altar, hellmonk_ecumenical_altar_zigzags,
          nicolae_eternal_life, nicolae_elevator_lobby_asterisk
D:3:      layout_basic, zin_treasury, overflow_temple_1_default,
          mainiacjoe_overflow_alcove_2
D:4:      layout_cave_pools
D:5:      layout_rooms, uniq_sigmund
D:6:      layout_basic, mainiacjoe_overflow_boulevard,
          mainiacjoe_overflow_alcove_1, minmay_temple_entry_glassed_door,
          lemuel_flame_loot_1, uniq_pikel, uniq_maggie
D:7:      layout_basic, nicolae_gozag_cash_rules_everything_around_me,
          gammafunk_temple_overflow_wave, minmay_tree_intersection
D:8:      layout_gridville, mainiacjoe_overflow_alcove_4, lemuel_doored_altar,
          lair_entry_dummy, uniq_amaemon
Temple:   nicolae_temple_bog_church
Lair:1:   layout_cave_shapes, gauntlet_entry_generic, lemuel_fruit_tree,
          grunt_megastairs_4

Skill      XL: |  1  2  3  4  5  6  7  8  9 10 |
---------------+-------------------------------+-----
Conjurations   | 2 3 5 7 9 11 | 11.0
Fire Magic     | 4 5 6 8 |  8.8
Spellcasting   | 4 5 6 7 9 10 | 10.6
Armour         | 3 4 |  4.0
Dodging        | |  2.4
Stealth        | |  2.4

Action                   |  1- 3 |  4- 6 |  7- 9 | 10-12 || total
-------------------------+-------+-------+-------+-------++-------
 Cast: Foxfire           |   113 |    97 |   158 |    17 ||   385
       Scorch            |     3 |    17 |    49 |    11 ||    80
       Conjure Flame     |       |       |     4 |       ||     4
       Dazzling Flash    |       |       |     1 |     1 ||     2
       Fulminant Prism   |       |       |       |     5 ||     5
       Flame Wave        |       |       |       |     2 ||     2
       Iskenderun's Myst |       |       |       |     1 ||     1
Evoke: Wand              |       |       |       |     2 ||     2
  Use: Potion            |       |       |     2 |       ||     2
       Scroll            |       |       |       |     9 ||     9
Armor: Robe              |     1 |     4 |     4 |       ||     9
       Steam dragon scal |       |       |    12 |     9 ||    21
Dodge: Dodged            |     8 |    20 |    61 |    24 ||   113
